Map: Orbital Shipyard

Players

Skimpy

  • Race: Zerg Zerg
  • League: Diamond

Nuckzer - Winner!

  • Race: Zerg Zerg
  • League: Diamond

VOD

Have the link to the VOD?

Description

Time

  • Played on: March 19, 2016, 6:44 p.m.
  • Length: 15:53
Show
View Real Time Build Order
Export as new Build Order

Skimpy Zerg 

Build Orders: Hatch First 

Get SALT Encoding   

  12  0:01  Drone  
  13  0:14  Overlord  
  13  0:20  Drone  
  14  0:32  Drone x2  
  16  0:36  Drone  
  17  0:53  Hatchery  
  17  0:56  Drone  
  17  0:58  Drone  
  17  1:01  Extractor  
  17  1:15  Spawning Pool  
  17  1:17  Drone  
  17  1:20  Drone  
  18  1:30  Drone  
  19  1:40  Overlord  
  19  1:53  Overlord  
  19  2:01  Queen  
  19  2:04  Metabolic Boost  
  19  2:05  Drone x2  
  23  2:11  Queen  
  23  2:15  Zergling x2  
  26  2:18  Drone  
  27  2:23  Drone  
  27  2:28  Drone  
  29  2:35  Drone  
  30  2:37  Baneling Nest  
  30  2:40  Drone  
  30  2:45  Drone  
  30  2:50  Drone  
  32  2:55  Drone  
  33  2:59  Drone  
  34  3:06  Drone  
  34  3:11  Drone x4  
  39  3:20  Drone  
  39  3:21  Drone x3  
  39  3:23  Zergling x2  
  44  3:31  Extractor  
  44  3:32  Lair  
  44  3:33  Extractor  
  42  3:34  Drone x2  
  44  3:45  Overlord x2  
  44  3:50  Hatchery  
  43  3:57  Overlord  
  43  4:01  Extractor  
  43  4:02  Drone  
  43  4:03  Drone  
  43  4:04  Drone x2  
  46  4:11  Overlord  
  46  4:12  Overlord  
  46  4:17  Drone x4  
  50  4:35  Drone x3, Spire  
  50  4:36  Drone x3  
  50  4:37  Extractor  
  54  4:42  Zergling x2  
  54  4:44  Baneling x2  
  55  4:49  Zergling x8  
  55  4:52  Extractor  
  58  4:58  Drone x3  
  61  5:06  Zergling x4  
  61  5:08  Drone  
  61  5:19  Overlord  
  61  5:34  Drone x3  
  64  5:48  Zerg Flyer Weapons Level 1, Mutalisk x2  
  64  5:49  Mutalisk x7  
  76  5:52  Queen  
  76  5:54  Drone x2  
  86  6:00  Roach Warren  
  86  6:01  Hatchery  
  84  6:10  Evolution Chamber  
  83  6:12  Evolution Chamber  
  83  6:13  Drone x3  
  83  6:14  Drone x2, Hydralisk Den  
  86  6:19  Drone x3  
  89  6:26  Overlord  
  89  6:27  Overlord  
  89  6:35  Zerg Missile Weapons Level 1  
  90  6:47  Hatchery  
  90  6:51  Zerg Ground Armor Level 1  
  90  6:52  Muscular Augments, Glial Reconstitution  
  89  6:54  Drone x2  
  89  6:55  Drone x4  
  89  6:57  Baneling  
  89  6:58  Baneling  
  95  7:20  Infestation Pit, Queen  
  96  7:24  Spine Crawler  
  96  7:27  Overlord x2  
  96  7:28  Overlord  
  92  7:32  Roach x6  
  92  7:34  Overlord x3  
  104  7:46  Roach x3  
  104  7:47  Roach x5  
  120  7:59  Hydralisk x2  
  120  8:00  Hydralisk x2  
  120  8:02  Spore Crawler  
  127  8:11  Hydralisk x5  
  137  8:22  Hydralisk x4  
  143  8:31  Spore Crawler  
  142  8:34  Spore Crawler  
  142  8:36  Spore Crawler x2, Overlord  
  139  8:43  Spore Crawler  
  139  8:44  Spore Crawler  
  136  8:59  Hatchery  
  135  9:06  Hydralisk  
  135  9:07  Hydralisk x7  
  141  9:16  Drone x4  
  145  9:17  Spore Crawler  
  144  9:24  Ravager  
  144  9:25  Ravager  
  144  9:28  Overlord x2  
  144  9:29  Overlord  
  138  9:58  Infestation Pit, Hatchery  
  136  10:00  Spore Crawler x2  
  136  10:04  Spore Crawler  
  136  10:06  Baneling x2  
  136  10:07  Baneling x2  
  131  10:12  Hydralisk x4  
  131  10:13  Hydralisk x4  
  147  10:18  Zerg Missile Weapons Level 2  
  147  10:27  Spore Crawler  
  146  10:29  Spore Crawler  
  145  10:45  Spore Crawler x2  
  143  10:51  Roach  
  143  10:52  Roach x8  
  161  10:58  Burrow  
  161  11:01  Tunneling Claws  
  153  11:07  Drone x2  
  153  11:08  Drone  
  153  11:10  Drone x2  
  154  11:13  Drone  
  154  11:18  Pathogen Glands  
  147  11:22  Drone x2  
  149  11:34  Drone  
  149  11:35  Drone x5  
  149  11:36  Spore Crawler  
  150  11:48  Extractor  
  150  11:51  Spore Crawler  
  150  11:52  Drone x3  
  151  11:55  Drone x6  
  151  12:00  Extractor x2  
  155  12:07  Drone x4  
  159  12:13  Spore Crawler  
  159  12:14  Spine Crawler  
  128  12:34  Roach x10  
  107  12:40  Hydralisk  
  107  12:41  Hydralisk x11  
  95  12:45  Roach x7  
  95  12:46  Roach x4  
  95  12:49  Hatchery  
  90  12:59  Spore Crawler, Spine Crawler  
  88  13:06  Infestor x2  
  88  13:07  Infestor  
  88  13:11  Drone  
  95  13:21  Drone  
  95  13:22  Drone x2  
  95  13:23  Drone x3  
  101  13:34  Drone x3  
  104  13:35  Drone  
  104  13:40  Infestor  
  107  13:45  Infestor x4  
  107  13:53  Infestor x2  
  107  13:54  Infestor  
  113  13:59  Ravager  
  113  14:00  Ravager x7  
  121  14:03  Drone  
  120  14:25  Drone  
  120  14:26  Drone x5  
  120  14:28  Spore Crawler  
  125  14:33  Infestor x7  
  125  14:38  Hydralisk x4  
  133  14:53  Drone  
  133  14:54  Drone x6  
  140  15:14  Spine Crawler  
  140  15:17  Spore Crawler  
  140  15:18  Spine Crawler  
  85  15:30  Roach x6  
  85  15:31  Roach  
Show
View Real Time Build Order
Export as new Build Order

Nuckzer Zerg - Winner!

Build Orders: Hatch First, Muta Ling Bane 

Get SALT Encoding   

  12  0:01  Drone  
  13  0:12  Drone  
  14  0:20  Overlord  
  14  0:31  Extractor  
  14  0:32  Drone  
  15  0:38  Drone x2  
  17  0:55  Hatchery  
  16  0:59  Drone  
  17  1:05  Drone, Extractor  
  17  1:18  Spawning Pool  
  16  1:20  Drone  
  17  1:30  Drone  
  18  1:33  Overlord  
  18  1:40  Drone  
  19  1:52  Drone  
  20  2:03  Drone  
  20  2:06  Metabolic Boost, Queen  
  23  2:09  Queen  
  23  2:15  Zergling x2  
  26  2:16  Zergling x2  
  26  2:22  Drone x2  
  29  2:39  Drone x2, Baneling Nest  
  29  2:40  Drone  
  31  2:44  Overlord  
  31  2:56  Drone  
  31  2:58  Drone  
  33  3:04  Drone  
  34  3:11  Drone  
  34  3:21  Drone x4  
  38  3:31  Drone x5  
  43  3:38  Hatchery  
  42  3:41  Drone  
  42  3:42  Drone, Extractor  
  43  3:49  Zergling x2  
  44  3:59  Overlord x2  
  43  4:08  Lair  
  43  4:09  Extractor  
  42  4:12  Baneling x2  
  42  4:19  Zergling x10  
  42  4:20  Zergling x2  
  48  4:30  Drone  
  48  4:31  Extractor  
  48  4:37  Drone x2  
  48  4:38  Drone  
  51  4:40  Drone  
  51  4:42  Drone x3  
  55  4:48  Drone x2  
  55  4:51  Queen  
  55  4:52  Overlord  
  59  4:56  Overlord  
  59  5:05  Drone x2  
  59  5:06  Drone x6  
  62  5:13  Extractor  
  61  5:15  Extractor  
  59  5:34  Spire  
  58  5:37  Drone  
  58  5:38  Drone x8  
  58  5:40  Spore Crawler  
  58  5:42  Spore Crawler  
  65  5:44  Spore Crawler  
  64  5:56  Drone x4  
  64  5:57  Drone, Zergling x2  
  69  5:58  Zergling x2  
  69  6:03  Zergling x6  
  69  6:04  Zergling x4  
  76  6:10  Zergling x2  
  77  6:14  Overlord x3  
  77  6:16  Zergling x10  
  82  6:44  Overlord x2  
  76  6:51  Mutalisk x10  
  76  6:52  Mutalisk  
  98  6:55  Zerg Flyer Armor Level 1  
  98  6:56  Overlord  
  98  6:58  Overlord, Hatchery  
  97  7:03  Overlord x2  
  94  7:23  Mutalisk  
  94  7:24  Mutalisk x6  
  104  7:33  Zergling x6  
  107  7:47  Mutalisk x3  
  107  7:48  Mutalisk  
  107  7:50  Zergling x2  
  107  7:51  Zergling x14  
  123  8:00  Mutalisk x2  
  127  8:16  Mutalisk x2  
  127  8:18  Zergling x2  
  127  8:19  Zergling x10  
  135  8:38  Centrifical Hooks  
  135  8:40  Evolution Chamber x2  
  129  8:48  Zergling x2  
  129  8:49  Zerg Flyer Weapons Level 1, Zergling x12  
  133  9:08  Mutalisk  
  133  9:09  Mutalisk x5, Hatchery  
  134  9:11  Zergling x2  
  134  9:12  Zergling x4  
  137  9:35  Baneling  
  137  9:36  Baneling x13  
  135  9:47  Zerg Melee Weapons Level 1  
  135  9:48  Zerg Ground Armor Level 1  
  135  9:52  Hatchery  
  134  10:03  Zergling x2  
  134  10:04  Zergling x8  
  134  10:05  Overlord x2  
  134  10:06  Overlord x4  
  137  10:20  Baneling x5  
  137  10:21  Baneling x8  
  137  10:22  Baneling  
  137  10:40  Hatchery  
  130  10:45  Zerg Flyer Armor Level 2  
  130  10:48  Mutalisk  
  130  10:49  Mutalisk x2  
  136  11:02  Zergling x6  
  136  11:03  Zergling x44  
  159  11:28  Drone x7  
  158  11:47  Extractor  
  157  11:48  Baneling x7  
  157  11:49  Baneling x2, Extractor  
  157  11:51  Mutalisk x4  
  157  11:53  Zergling x2  
  157  11:54  Zergling x22  
  176  12:01  Spine Crawler  
  176  12:02  Spine Crawler  
  152  12:35  Zergling x8  
  152  12:36  Zergling x20  
  130  12:51  Zergling x10  
  128  12:52  Queen  
  128  12:56  Zerg Melee Weapons Level 2, Zerg Ground Armor Level 2  
  131  13:01  Zerg Flyer Weapons Level 2  
  131  13:06  Infestation Pit  
  131  13:08  Zergling x12  
  136  13:16  Baneling x6  
  136  13:17  Baneling x25  
  136  13:18  Zergling x6, Baneling  
  139  13:30  Zergling x14  
  139  13:31  Zergling x4  
  140  13:51  Hive  
  140  13:53  Zergling x2  
  140  13:54  Zergling x20  
  151  13:58  Queen  
  151  14:00  Zergling x2  
  151  14:01  Zergling x12  
  160  14:15  Zergling x22  
  169  14:27  Zergling x2  
  169  14:28  Zergling x20  
  178  14:53  Roach Warren  
  178  14:54  Drone  
  178  14:55  Drone x2  
  180  15:03  Baneling x5  
  147  15:34  Zergling x4  
  147  15:35  Zergling x50  
  162  15:36  Zergling x18  
Tags
 
Add a new tag
Caveats
  • Supply blocks, unpowered buildings, or Contaminate may cause inaccurate times.
  • Supply counts are checked every 10 seconds.